 Dungeon Crawl Stone Soup version 0.25.0-9-g26727b657a (webtiles) character file.

Game seed: 5309904010730921028

156 DungeonDestroyer the Shield-Bearer (level 5, -3/47 HPs)
             Began as a Gnoll Fighter on June 19, 2020.
             Slain by an ogre
             ... wielding a +0 giant spiked club
              (18 damage)
             ... on level 4 of the Dungeon.
             The game lasted 00:05:16 (2447 turns).

DungeonDestroyer the Shield-Bearer (Gnoll Fighter)  Turns: 2447, Time: 00:05:16

Health: -3/47      AC: 10    Str: 19    XL:     5   Next: 38%
Magic:  7/7        EV:  8    Int: 11    God:
Gold:   201        SH: 11    Dex: 14    Spells: 6/6 levels left

rFire    . . .     SeeInvis .   a - +0 war axe
rCold    . . .     Gourm    .   c - +1 kite shield
rNeg     . . .     Faith    .   b - +0 scale mail
rPois    .         Spirit   .   (no helmet)
rElec    .         Reflect  .   u - +1 cloak
rCorr    .         Harm     .   (no gloves)
MR       .....                  (no boots)
Stlth    ..........             (no amulet)
HPRegen  0.15/turn              (no ring)
MPRegen  0.10/turn              (no ring)

@: brilliant, lightly drained
A: distributed training, fangs 1, strong nose
a: no special abilities


You were on level 4 of the Dungeon.
You were not hungry.

You visited 1 branch of the dungeon, and saw 4 of its levels.

You collected 201 gold pieces.

Inventory:

Hand Weapons
 a - a +0 war axe (weapon)
 v - a +0 morningstar
Missiles
 e - 181 stones (quivered)
 n - a throwing net
 r - 32 bolts
 t - 22 sling bullets
Armour
 b - a +0 scale mail (worn)
 c - a +1 kite shield (worn)
 u - a +1 cloak (worn)
Scrolls
 g - a scroll of fog
 k - 2 scrolls of identify
 m - 4 scrolls of remove curse
Potions
 d - a potion of might
 h - a potion of flight
 p - a potion of brilliance
 q - a potion of heal wounds
Comestibles
 f - 5 rations


   Skills:
 + Level 6.7(6.6) Fighting
 + Level 1.4(1.3) Short Blades
 + Level 1.4(1.3) Long Blades
 + Level 4.7 Axes
 + Level 1.4(1.3) Maces & Flails
 + Level 1.4(1.3) Polearms
 + Level 1.4(1.3) Staves
 + Level 1.4(1.3) Slings
 + Level 1.4(1.3) Bows
 + Level 1.4(1.3) Crossbows
 + Level 1.4(1.3) Throwing
 + Level 6.7(6.6) Armour
 + Level 1.4(1.3) Dodging
 + Level 1.4(1.3) Stealth
 + Level 6.7(6.6) Shields
 + Level 1.4(1.3) Unarmed Combat
 + Level 1.4(1.3) Spellcasting
 + Level 1.1 Conjurations
 + Level 1.1 Hexes
 + Level 1.1 Charms
 + Level 1.1 Summonings
 + Level 1.1 Necromancy
 + Level 1.1 Translocations
 + Level 1.1 Transmutations
 + Level 1.1 Fire Magic
 + Level 1.1 Ice Magic
 + Level 1.1 Air Magic
 + Level 1.1 Earth Magic
 + Level 1.1 Poison Magic
 + Level 1.6(1.5) Invocations
 + Level 1.4(1.3) Evocations


You had 6 spell levels left.
You didn't know any spells.
Your spell library was empty.

Dungeon Overview and Level Annotations

Branches:
Dungeon (4/15)             Temple (0/1) D:4

Altars:
Qazlal
Ru


Innate Abilities, Weirdness & Mutations

Your experience applies equally to all skills.
You have very sharp teeth.
Your uncanny sense of smell can sniff out nearby items.


Message History

You are too injured to fight recklessly!
You are too injured to fight recklessly!
You are too injured to fight recklessly!
You are too injured to fight recklessly!
You are too injured to fight recklessly!
You are too injured to fight recklessly!
You are too injured to fight recklessly!
You are too injured to fight recklessly!
You are too injured to fight recklessly!
You are too injured to fight recklessly!
You are too injured to fight recklessly!
You are too injured to fight recklessly!
You are too injured to fight recklessly!
You are too injured to fight recklessly!
You are too injured to fight recklessly!
Unknown command.
You slash the ogre!
The ogre is severely wounded.
The ogre hits you with a +0 giant spiked club!!
You die...

# ..........
.#..⌠...⌠.. .
.#......... #.
.....>.... ...
#.........
#.#.##..⌠...⌠..
###......O.......
..... #.@.......
#...###[##.##.#
###....##.# #####
#....#.##.# ......
#.#.......#
......##.##...####
.............####...
∆
.......<............
......####...####...


You could see an ogre.

Vanquished Creatures
  Crazy Yiuf (D:3)
  An orc wizard (D:3)
  An adder (D:3)
  An ooze (D:3)
  A worm (D:3)
  A dart slug (D:1)
  2 leopard geckos (D:3)
  11 orcs (D:3)
  5 giant cockroaches
  7 goblins
  10 hobgoblins
  A quokka (D:3)
  2 ball pythons
  4 bats
  2 frilled lizards
  10 kobolds
  5 rats
65 creatures vanquished.

Notes
Turn   | Place    | Note
-------+----------+-------------------------------------------
     0 | D:1      | DungeonDestroyer the Gnoll Fighter began the quest for the
                  | Orb.
     0 | D:1      | Reached XP level 1. HP: 23/23 MP: 1/1
   148 | D:1      | Reached XP level 2. HP: 18/29 MP: 2/2
   494 | D:1      | Reached XP level 3. HP: 32/35 MP: 3/3
   975 | D:2      | Found a sacrificial altar of Ru.
  1372 | D:2      | Reached skill level 1 in Invocations
  1538 | D:3      | Reached skill level 1 in Short Blades
  1538 | D:3      | Reached skill level 1 in Long Blades
  1538 | D:3      | Reached skill level 1 in Maces & Flails
  1538 | D:3      | Reached skill level 1 in Polearms
  1538 | D:3      | Reached skill level 1 in Staves
  1538 | D:3      | Reached skill level 1 in Slings
  1538 | D:3      | Reached skill level 1 in Bows
  1538 | D:3      | Reached skill level 1 in Crossbows
  1538 | D:3      | Reached skill level 1 in Throwing
  1538 | D:3      | Reached skill level 1 in Dodging
  1538 | D:3      | Reached skill level 1 in Stealth
  1538 | D:3      | Reached skill level 1 in Unarmed Combat
  1538 | D:3      | Reached skill level 1 in Spellcasting
  1538 | D:3      | Reached skill level 1 in Evocations
  1551 | D:3      | Reached XP level 4. HP: 39/41 MP: 5/5
  1690 | D:3      | Reached skill level 1 in Conjurations
  1690 | D:3      | Reached skill level 1 in Hexes
  1690 | D:3      | Reached skill level 1 in Charms
  1690 | D:3      | Reached skill level 1 in Summonings
  1690 | D:3      | Reached skill level 1 in Necromancy
  1690 | D:3      | Reached skill level 1 in Translocations
  1690 | D:3      | Reached skill level 1 in Transmutations
  1690 | D:3      | Reached skill level 1 in Fire Magic
  1690 | D:3      | Reached skill level 1 in Ice Magic
  1690 | D:3      | Reached skill level 1 in Air Magic
  1690 | D:3      | Reached skill level 1 in Earth Magic
  1690 | D:3      | Reached skill level 1 in Poison Magic
  1781 | D:3      | Found a stormy altar of Qazlal.
  1975 | D:3      | Reached XP level 5. HP: 47/47 MP: 6/6
  2221 | D:3      | Found a runed translucent door.
  2222 | D:3      | Noticed Crazy Yiuf
  2231 | D:3      | Killed Crazy Yiuf
  2440 | D:4      | Found a staircase to the Ecumenical Temple.
  2440 | D:4      | Noticed an ogre
  2447 | D:4      | Slain by an ogre

Illustrated notes

Levels and vault maps discovered:
D:1:      elethiomel_arrival_shortcut, layout_basic, st_stairs_11
D:2:      layout_loops_ring, nicolae_ru_awakened_eye
D:3:      layout_basic, grunt_qazlal_sundering, uniq_crazy_yiuf_cottage
D:4:      layout_loops_cross, minmay_temple_entry_large_hall,
          minmay_misc_feat_tiny

Skill      XL: |  1  2  3  4 |
---------------+-------------+-----
Invocations    | 1 |  1.6
Short Blades   | 1 |  1.4
Long Blades    | 1 |  1.4
Maces & Flails | 1 |  1.4
Polearms       | 1 |  1.4
Staves         | 1 |  1.4
Slings         | 1 |  1.4
Bows           | 1 |  1.4
Crossbows      | 1 |  1.4
Throwing       | 1 |  1.4
Dodging        | 1 |  1.4
Stealth        | 1 |  1.4
Unarmed Combat | 1 |  1.4
Spellcasting   | 1 |  1.4
Evocations     | 1 |  1.4
Conjurations   | 1 |  1.1
Hexes          | 1 |  1.1
Charms         | 1 |  1.1
Summonings     | 1 |  1.1
Necromancy     | 1 |  1.1
Translocations | 1 |  1.1
Transmutations | 1 |  1.1
Fire Magic     | 1 |  1.1
Ice Magic      | 1 |  1.1
Air Magic      | 1 |  1.1
Earth Magic    | 1 |  1.1
Poison Magic   | 1 |  1.1
Fighting       | |  6.7
Axes           | |  4.7
Armour         | |  6.7
Shields        | |  6.7

Action                   |  1- 3 |  4- 6 || total
-------------------------+-------+-------++-------
Melee: War axe           |    93 |    65 ||   158
       Bite              |     9 |    10 ||    19
  Use: Scroll            |     6 |     3 ||     9
       Potion            |     3 |     2 ||     5
  Eat: Chunk             |     1 |     1 ||     2
       Ration            |     1 |       ||     1
Armor: Scale mail        |    44 |    23 ||    67
Dodge: Dodged            |    18 |    11 ||    29
Block: Kite shield       |    66 |    33 ||    99
